 Dungeon Crawl Stone Soup version 0.29-a0-362-g5854e031c7 (webtiles) character file.

Game seed: 18244997007908852982

821 croobank the Sneak (level 7, -1/43 (45) HPs)
             Began as an Octopode Hedge Wizard on Apr 29, 2022.
             Was an Initiate of Vehumet.
             Slain by a wight
             ... wielding a +0 spear
              (8 damage)
             ... on level 5 of the Dungeon.
             The game lasted 00:16:02 (5370 turns).

croobank the Sneak (Octopode Hedge Wizard)          Turns: 5370, Time: 00:16:02

HP:   -1/43 (45)    AC:  5    Str:  9    XL:     7   Next: 95%
MP:   18/22         EV: 14    Int: 18    God:    Vehumet [......]
Gold: 205           SH:  0    Dex: 12    Spells: 4/14 levels left

rFire   . . .      SeeInvis .   a - +3 woodcutter's axe {vorpal}
rCold   . . .      Faith    .   (shield currently unavailable)
rNeg    . . .      Spirit   .   j - +0 hat
rPois   .          Reflect  .   (no amulet)
rElec   .          Harm     .   o - +4 ring of protection
rCorr   .          Rampage  .   r - ring of magical power
Will    +....                   l - ring of willpower
Stlth   ++++......              (no ring)
HPRegen 0.14/turn               (no ring)
MPRegen 0.18/turn               (no ring)
                                (no ring)
                                (no ring)

@: on blink cooldown, lightly drained
A: almost no armour, amphibious, 8 rings, camouflage 1, gelatinous body 1,
(nimble swimmer 1), tentacles
a: Renounce Religion


You were on level 5 of the Dungeon.
You worshipped Vehumet.
Vehumet was noncommittal.
You visited 2 branches of the dungeon, and saw 6 of its levels.
You also visited: Sewer.

You collected 205 gold pieces.

Inventory:

Hand Weapons
 a - the +3 woodcutter's axe (weapon) {vorpal}
   (You found it on level 2 of the Dungeon)

   It inflicts extra damage upon your enemies.
 b - a +0 hunting sling of flaming
 d - a +0 trident
 e - a +0 dagger
 f - a +0 hand axe
 x - a +3 short sword
 y - a +4 spear
Missiles
 m - 46 stones
 p - 6 poisoned darts
Armour
 j - a +0 hat (worn)
Jewellery
 l - a ring of willpower (on tentacle)
 o - a +4 ring of protection (left tentacle)
 r - a ring of magical power (right tentacle)
Wands
 k - a wand of iceblast (8)
 t - a wand of flame (17)
Scrolls
 u - 2 scrolls of identify
 v - a scroll of brand weapon
Potions
 c - a potion of magic
 g - 3 potions of berserk rage
 h - a potion of cancellation
 i - a potion of heal wounds {unknown}
 n - a potion of invisibility {unknown}
 q - a potion of mutation {unknown}
 s - a potion of curing {unknown}
 w - 2 potions of ambrosia {unknown}


   Skills:
 + Level 2.7 Fighting
 + Level 3.7 Dodging
 + Level 5.5 Stealth
 + Level 4.1 Spellcasting
 + Level 3.2 Conjurations
 + Level 3.2 Summonings
 + Level 3.2 Translocations


You had 4 spell levels left.
You knew the following spells:

 Your Spells              Type           Power      Damage    Failure   Level
a - Magic Dart            Conj           60%        1d6       3%          1
b - Slow                  Hex            12%        N/A       14%         1
c - Blink                 Tloc           30%        N/A       6%          2
d - Call Imp              Summ           15%        N/A       6%          2
e - Mephitic Cloud        Conj/Pois/Air  7%         N/A       28%         3
f - Beastly Appendage     Tmut           6%         N/A       14%         1

Your spell library contained the following spells:

 Spells                   Type           Power      Damage    Failure   Level
 Freeze                   Ice            12%        1d4       14%         1
 Ensorcelled Hibernation  Hex/Ice        6%         N/A       22%         2
 Sublimation of Blood     Necr           3%         N/A       22%         2
 Wereblood                Tmut           3%         N/A       22%         2
 Conjure Flame            Conj/Fire      9%         6-21      22%         3
 Frozen Ramparts          Ice            6%         1d2       41%         3
 Spider Form              Tmut/Pois      3%         N/A       41%         3
 Hailstorm                Conj/Ice       9%         3d4       58%         4
 Anguish                  Hex/Necr       1%         N/A       82%         4
 Summon Hydra             Summ           7%         N/A       100%        7


Dungeon Overview and Level Annotations

Branches:
Dungeon (5/15)             Temple (1/1) D:4           Sewer (visited)

Altars:
Ashenzari
Cheibriados
Dithmenos
Fedhas
Gozag
Hepliaklqana
Kikubaaqudgha
Makhleb
Nemelex Xobeh
Okawaru
Qazlal
Ru
Sif Muna
Trog
Uskayaw
Vehumet
Wu Jian
Xom
Yredelemnul
Zin
The Shining One


Innate Abilities, Weirdness & Mutations

You cannot wear most types of armour.
You are amphibious.
You can wear up to eight rings at the same time.
Your skin changes colour to match your surroundings (Stealth+).
Your rubbery body absorbs attacks. (AC +1, EV +1)
((You are camouflaged when in or above water. (Stealth+)))
You have tentacles for arms and can constrict up to eight enemies at once.


Message History

You pierce the wight, but do no damage.
You squeeze the wight.
The wight is moderately damaged.
The wight barely misses you.
You slash the wight!
You destroy the wight!
Vehumet accepts your kill.
Casting: Slow (safe; 14% risk of failure)
Confirm with . or Enter, or press ? or * to list all spells.
Aiming: Slow (safe; 14% risk of failure)
Press: ? - help, Shift-Dir - straight line, f - wight
Aim: a wight, wielding a +0 spear and wearing a +0 robe (chance to affect: 37%)
The wight seems to slow down.
Casting: Slow (safe; 14% risk of failure)
Confirm with . or Enter, or press ? or * to list all spells.
Okay, then.
Things that are here:
a +1 dagger; a +0 robe A scorpion and a wight come into view.
Your tentacle spike disappears.
Your +0 hat unmelds from your body. 2 wights come into view.
The wight is no longer moving slowly.
The wight hits you but does no damage. The wight closely misses you.
You slash the wight! Your grab misses the wight.
The wight is heavily damaged.
You barely miss the wight. The wight hits you with a +0 spear!
The wight hits you with a +0 trident.
The wight hits you from afar with a +0 halberd!
You feel drained.
* * * LOW HITPOINT WARNING * * *
Okay, then.
Okay, then.
Casting: Slow (safe; 14% risk of failure)
Confirm with . or Enter, or press ? or * to list all spells.
You blink.
The wight misses you. The wight closely misses you.
Okay, then.
Okay, then.
It was a potion of cancellation.
You feel magically purged.
The wight hits you from afar with a +0 spear!
You die...

..........# #[#.#
#...# #...# #..>#
###########[#)#
..........).#.#
#############.########
.......szz@....#
#######.z.z....#
#........# ##########


You could see a scorpion and 4 wights.

Vanquished Creatures
  Pargi (Sewer)
  5 wights (D:5)
  A howler monkey (D:5)
  2 hounds
  An orc priest (D:5)
  Ijyb (D:3)
  Jessica (D:2)
  An iguana (D:4)
  2 orc wizards
  6 gnolls (D:3)
  6 adders
  A shadow imp (D:5)
  2 worms
  A dart slug (D:3)
  10 orcs
  8 ball pythons
  11 bats
  4 endoplasms
  7 goblins
  5 hobgoblins
  4 jackals (D:1)
  4 frilled lizards
  3 kobolds
  2 rats (D:1)
89 creatures vanquished.

Vanquished Creatures (others)
  A goblin (D:3)
1 creature vanquished.

Grand Total: 90 creatures vanquished

Notes
Turn   | Place    | Note
-------+----------+-------------------------------------------
     0 | D:1      | croobank the Octopode Hedge Wizard began the quest for the
                  | Orb.
     0 | D:1      | Reached XP level 1. HP: 11/11 MP: 4/4
   182 | D:1      | Reached XP level 2. HP: 14/17 MP: 6/6
   235 | D:1      | Reached skill level 3 in Stealth
   505 | D:1      | Found a faded altar of an unknown god.
  1025 | D:2      | Reached XP level 3. HP: 17/21 MP: 7/7
  1080 | D:2      | Learned a level 1 spell: Slow
  1507 | D:2      | Noticed Jessica
  1518 | D:2      | Killed Jessica
  1519 | D:2      | Reached XP level 4. HP: 3/27 MP: 8/8
  2044 | D:2      | Found the +3 woodcutter's axe {vorpal}
  2127 | D:3      | Noticed Ijyb
  2143 | D:2      | Learned a level 2 spell: Blink
  2146 | D:2      | Learned a level 2 spell: Call Imp
  2302 | D:2      | Learned a level 3 spell: Mephitic Cloud
  2308 | D:3      | Killed Ijyb
  2389 | D:3      | Found an iron altar of Okawaru.
  2406 | D:3      | Reached XP level 5. HP: 19/32 MP: 8/10
  2702 | D:3      | Learned a level 1 spell: Beastly Appendage
  2949 | D:3      | Reached skill level 4 in Stealth
  3568 | D:3      | Reached skill level 1 in Fighting
  3885 | D:4      | Found a glowing drain.
  3891 | D:4      | Reached XP level 6. HP: 31/38 MP: 11/11
  3912 | Sewer    | Entered a sewer
  3957 | Sewer    | Noticed Pargi
  3969 | Sewer    | Killed Pargi
  4105 | D:4      | Found a staircase to the Ecumenical Temple.
  4130 | Temple   | Entered the Ecumenical Temple
  4292 | Temple   | Became a worshipper of Vehumet
  4943 | D:5      | Entered Level 5 of the Dungeon
  4949 | D:5      | Reached XP level 7. HP: 36/45 MP: 12/12
  5179 | D:5      | Reached skill level 5 in Stealth
  5370 | D:5      | Slain by a wight

Illustrated notes

Levels and vault maps discovered:
D:1:      scummos_arrival_forest, layout_loops_cross,
          hellmonk_ecumenical_altar_leap_of_faith, minmay_distorted
D:2:      layout_basic, lemuel_flame_loot_1, uniq_jessica
D:3:      layout_loops_ring, okawaru_ov_weapons_minmay, uniq_ijyb
D:4:      layout_rooms, minmay_temple_entry_wispy, portal_sewer_entry_d,
          lemuel_another_geyser
D:5:      layout_basic, ebering_ghost_inner_flame, kennysheep_small_spiral
Temple:   mainiacjoe_temple_cubbyholes

Skill      XL: |  1  2  3  4  5  6  7 |
---------------+----------------------+-----
Stealth        | 3 4 5 |  5.5
Summonings     | 2 3 |  3.2
Conjurations   | 2 3 |  3.2
Translocations | 2 3 |  3.2
Fighting       | 1 2 |  2.7
Dodging        | 3 |  3.7
Spellcasting   | 4 |  4.1

Action                   |  1- 3 |  4- 6 |  7- 9 || total
-------------------------+-------+-------+-------++-------
Melee: Trident           |    69 |     8 |       ||    77
       Dagger            |    13 |       |       ||    13
       Tentacles         |     8 |    15 |     4 ||    27
       Constrict         |    12 |    25 |     5 ||    42
       Battleaxe         |       |    80 |    27 ||   107
       Punch             |       |     1 |       ||     1
       Kick              |       |       |     2 ||     2
 Cast: Slow              |       |     2 |     8 ||    10
       Call Imp          |       |     1 |     2 ||     3
       Magic Dart        |       |     1 |       ||     1
       Mephitic Cloud    |       |     1 |       ||     1
       Beastly Appendage |       |       |     2 ||     2
       Blink             |       |       |     1 ||     1
  Use: Scroll            |     1 |     5 |       ||     6
       Potion            |     1 |     1 |     1 ||     3
 Stab: Sleeping          |    10 |    10 |       ||    20
       Distracted        |       |     1 |       ||     1
Armor: Skin              |     5 |     8 |     5 ||    18
Dodge: Dodged            |    57 |    50 |    16 ||   123

Table legend: (Time is in decaauts)
 A = Elapsed time spent in this place.
 B = Non-inter-level travel time spent in this place.
 C = Inter-level travel time spent in this place.
 D = Time resting spent in this place.
 E = Time spent auto-exploring this place.
 F = Levels seen in this place.
 G = Mean time per level.
                   A        B        C        D        E       F      G
               +--------+--------+--------+--------+--------+-----+--------+
         Total |   5391 |   5216 |    175 |   1523 |   2826 |   7 |  770.1 |
       Dungeon |   4944 |   4822 |    122 |   1523 |   2538 |   5 |  988.8 |
        Temple |    350 |    297 |     53 |      0 |    288 |   1 |  350.0 |
         Sewer |     96 |     96 |      0 |      0 |      0 |   1 |   96.0 |
               +--------+--------+--------+--------+--------+-----+--------+

Top non-repeatable levels by time:
     D:2: 1588 daAuts
     D:3: 1276 daAuts
     D:1: 1010 daAuts
     D:4: 642 daAuts
     D:5: 426 daAuts
  Temple: 350 daAuts
   Sewer: 96 daAuts
